 Dungeon Crawl Stone Soup version 0.23.1 (webtiles) character file.

Game seed: 18444470974559845810

157135 Monsterracer the Black Belt (level 17, -4/139 HPs)
             Began as a Merfolk Transmuter on Mar 3, 2019.
             Was the Champion of Okawaru.
             Slain by a spark wasp (16 damage)
             ... on level 4 of the Spider Nest.
             The game lasted 01:06:49 (48290 turns).

Monsterracer the Black Belt (Merfolk Transmuter)   Turns: 48290, Time: 01:06:49

Health: -4/139     AC: 34    Str: 15    XL:     17   Next: 39%
Magic:  24/24      EV: 12    Int: 12    God:    Okawaru [******]
Gold:   2150       SH:  8    Dex: 20    Spells: 20/20 levels left

rFire    . . .     SeeInvis .     - Unarmed
rCold    . . .     Gourm    .   I - +2 buckler
rNeg     + . .     Faith    .   C - +7 plate armour of Analysis {rN+ Stlth+}
rPois    +         Spirit   .   q - +2 helmet
rElec    .         Reflect  .   w - +2 cloak
rCorr    +         Harm     .   B - +2 pair of gloves {Dex+3}
MR       +....                  A - +2 pair of boots
Stlth    +.........             J - amulet of the acrobat
HPRegen  0.33/turn              i - ring of resist corrosion
MPRegen  0.19/turn              P - ring of poison resistance

@: very slightly contaminated
A: change form in water, swift swim, stealthy swim
}: 1/15 runes: decaying
a: Heroism, Finesse, Renounce Religion


You were on level 4 of the Spider Nest.
You worshipped Okawaru.
Okawaru was exalted by your worship.
You were not hungry.

You visited 6 branches of the dungeon, and saw 27 of its levels.
You also visited: Sewer, Bailey and Ice Cave.

You collected 3099 gold pieces.
You spent 949 gold pieces at shops.


   Skills:
 + Level 14.2 Fighting
 + Level 9.1 Armour
 - Level 15.6 Dodging
 + Level 8.6 Stealth
 - Level 4.0 Shields
 * Level 19.4 Unarmed Combat
 - Level 2.0 Spellcasting
   Level 2.6 Transmutations
 - Level 10.0 Invocations


You had 20 spell levels left.
You didn't know any spells.
Your spell library contained the following spells:

 Spells                   Type           Power        Failure   Level  Hunger
 Beastly Appendage        Tmut           #.....       98%         1    ##.....
 Sticks to Snakes         Tmut           #.......     99%         2    ###....
 Magic Dart               Conj           #...         100%        1    ##.....
 Summon Small Mammal      Summ           #...         100%        1    ##.....
 Blink                    Tloc           N/A          100%        2    ###....
 Call Imp                 Summ           #.......     100%        2    ###....
 Searing Ray              Conj           #.....       100%        2    ###....
 Slow                     Hex            #.......     100%        2    ###....
 Throw Flame              Conj/Fire      #.....       100%        2    ###....
 Call Canine Familiar     Summ           #.......     100%        3    ####...
 Conjure Flame            Conj/Fire      #.......     100%        3    ####...
 Dazzling Spray           Conj/Hex       #.....       100%        3    ####...
 Mephitic Cloud           Conj/Pois/Air  #.......     100%        3    ####...
 Recall                   Summ/Tloc      N/A          100%        3    ####...
 Regeneration             Chrm/Necr      #.........   100%        3    ####...
 Spider Form              Tmut/Pois      #.........   100%        3    ####...
 Summon Guardian Golem    Hex/Summ       #.......     100%        3    ####...
 Vampiric Draining        Necr           #.........   100%        3    ####...
 Force Lance              Conj/Tloc      #.......     100%        4    #####..
 Fulminant Prism          Conj/Hex       #.........   100%        4    #####..
 Ice Form                 Ice/Tmut       #.......     100%        4    #####..
 Iskenderun's Mystic Bla  Conj           #.......     100%        4    #####..
 Summon Ice Beast         Ice/Summ       #.......     100%        4    #####..
 Summon Lightning Spire   Summ/Air       #.......     100%        4    #####..
 Aura of Abjuration       Summ           #.........   100%        5    ######.
 Blade Hands              Tmut           #.........   100%        5    ######.
 Bolt of Draining         Conj/Necr      #.........   100%        5    ######.
 Bolt of Magma            Conj/Fire/Erth #.........   100%        5    ######.
 Summon Demon             Summ           #.........   100%        5    ######.
 Summon Forest            Summ/Tloc      #.........   100%        5    ######.
 Summon Mana Viper        Hex/Summ       #.......     100%        5    ######.
 Shadow Creatures         Summ           N/A          100%        6    #######

Inventory:

Missiles
 y - a throwing net (quivered) {!f}
Armour
 k - a +0 cloak of poison resistance
   (Okawaru gifted it to you on level 4 of the Swamp)
 q - a +2 helmet (worn)
   (You took it off Robin on level 3 of the Dungeon)
 w - a +2 cloak (worn)
   (You found it on level 7 of the Dungeon)
 A - a +2 pair of boots (worn)
   (You found it on level 2 of the Lair of Beasts)
 B - a +2 pair of gloves of dexterity (worn)
   (Okawaru gifted it to you on level 2 of the Lair of Beasts)
 C - the +7 plate armour of Analysis (worn) {rN+ Stlth+}
   (Okawaru gifted it to you on level 3 of the Spider Nest)

   It protects you from negative energy.
   It makes you more stealthy.
 I - a +2 buckler (worn)
   (You took it off a spriggan rider on level 1 of the Swamp)
Jewellery
 i - a ring of resist corrosion (left hand)
   (You found it on level 2 of the Dungeon)
 F - an uncursed ring of protection from fire
   (You found it on level 6 of the Dungeon)
 J - an amulet of the acrobat (around neck)
   (You found it on level 1 of the Swamp)
 P - a ring of poison resistance (right hand)
   (You found it on level 1 of the Spider Nest)
 S - an uncursed ring of see invisible
   (You found it on level 2 of the Lair of Beasts)
Scrolls
 f - 16 scrolls of identify
 l - a scroll of enchant armour
 m - 8 scrolls of magic mapping
 o - 3 scrolls of amnesia
 r - 14 scrolls of remove curse
 s - 3 scrolls of summoning {!r}
 t - 11 scrolls of teleportation {!r}
 v - 7 scrolls of immolation {!r}
 x - 9 scrolls of noise
 H - a scroll of holy word
 L - 8 scrolls of fog
 X - 2 scrolls of blinking
Potions
 a - a potion of invisibility
 b - 3 potions of lignification
 d - 2 potions of heal wounds
 e - 3 potions of curing
 g - 4 potions of agility
 h - 2 potions of haste
 j - 3 potions of might
 n - 3 potions of cancellation
 p - 8 potions of flight
 u - a potion of resistance
 z - 2 potions of brilliance
 E - 4 potions of ambrosia {!q}
 G - 7 potions of mutation {!q}
Comestibles
 c - 43 rations

Dungeon Overview and Level Annotations

Branches:
Dungeon (10/15)            Temple (1/1) D:5            Lair (6/6) D:10
  Swamp (4/4) Lair:4       Spider (4/4) Lair:2        Slime (0/5) Lair:6
    Orc (2/2) D:9             Elf (0/3) Orc:2

Altars:
Ashenzari
Cheibriados
Dithmenos
Elyvilon
Fedhas
Gozag
Hepliaklqana
Kikubaaqudgha
Makhleb
Nemelex Xobeh
Okawaru
Qazlal
Ru
Sif Muna
Trog
Uskayaw
Vehumet
Wu Jian
Xom
Yredelemnul
Zin
The Shining One
Beogh
Jiyva

Shops:
D:5 !   D:9 (   Orc:2 (?((

Annotations:
Spider:1 Frances

#^###......^#..^..###^.....
#...'......###....#.#########
≈...'......#^.<...#.........##
..s.'...##......#..#.......#.####
○.###s°sss............#..###.#..#
#.^..s.^..........#..........
#.......#...^.....#.........#
##....#<#..####...#.....^#..<
#.........y@s#####..#####...
#...........^.°°.^.^##....^.
##.............○§§)####....#
#...^..........°○..# ##^...
#..#............☼.## #...^#
#/.##.......#...○..####..##
#..^##...##.#...○^..# #..#
#^...#....####^*.#### ####
#......^### ##...##


You could see a spark wasp and an orb spider.


Message History

Okawaru accepts your kill.
No target in view!
Key pressed, stopping explore.
No target in view!
You regained 9 hp, and now have 133/139 hp.
Key pressed, stopping explore.
No target in view!
You regained 5 hp, and now have 138/139 hp.
You see here an orb spider corpse.
A spark wasp comes into view.
Health restored: 139 A spark wasp is nearby!
A spark wasp is nearby!
The spark wasp evades a web.
You hit the spark wasp.
The spark wasp is lightly wounded.
The spark wasp stings you! The spark wasp shocks you!
You take 23 damage, and have 116/139 hp.
You hit the spark wasp.
The spark wasp is lightly wounded.
The spark wasp stings you but does no damage.
You punch the spark wasp!
The spark wasp is moderately wounded.
You block the spark wasp's attack.
Your plate armour of Analysis prevents you from hitting the spark wasp.
The spark wasp is moderately wounded.
The spark wasp closely misses you.
You miss the spark wasp.
The spark wasp is moderately wounded.
You block the spark wasp's attack.
You punch the spark wasp!
The spark wasp is heavily wounded.
The spark wasp closely misses you.
You hit the spark wasp.
The spark wasp is heavily wounded.
The spark wasp stings you but does no damage.
You punch the spark wasp!
The spark wasp is severely wounded.
The spark wasp misses you.
You miss the spark wasp.
The spark wasp is severely wounded.
The spark wasp bursts into living lightning!
The living lightning misses you. The living lightning hits you!
The spark wasp blinks! x2
Your plate armour of Analysis prevents you from hitting the spark wasp.
The spark wasp is severely wounded.
The orb spider hisses angrily.
The spark wasp completely misses you.
You take 14 damage, and have 104/139 hp.
Your plate armour of Analysis prevents you from hitting the spark wasp.
The spark wasp is severely wounded.
The spark wasp closely misses you.
The spark wasp bursts into living lightning!
The living lightning misses you.
The spark wasp blinks!
The orb spider begins to weave its threads into a brightly glowing ball.
You block the spark wasp's attack.
You hit the spark wasp but do no damage.
The spark wasp is severely wounded.
The spark wasp stings you but does no damage.
You miss the spark wasp.
The spark wasp is severely wounded.
You block the spark wasp's attack.
You hit the spark wasp.
The spark wasp is severely wounded.
The orb spider weaves a glowing orb of energy.
The spark wasp misses you.
An orb of destruction comes into view.
Your plate armour of Analysis prevents you from hitting the spark wasp.
The spark wasp is severely wounded.
The spark wasp stings you! The spark wasp shocks you!
You take 32 damage, and have 74/139 hp.
MASSIVE DAMAGE!!
You hit the spark wasp but do no damage.
The spark wasp is severely wounded.
You block the spark wasp's attack.
You miss the spark wasp.
The spark wasp is severely wounded.
The orb spider spins a strand of pure energy.
The spark wasp stings you!!
* * * LOW HITPOINT WARNING * * *
The spark wasp shocks you!
* * * LOW HITPOINT WARNING * * *
You take 31 damage, and have 44/139 hp.
MASSIVE DAMAGE!!
Blink to where?
Press: ? - help, Dir - move target cursor You are very lightly contaminated with residual magic.
As you read the scroll of blinking, it crumbles to dust.
The spark wasp bursts into living lightning!
The living lightning hits you.
* * * LOW HITPOINT WARNING * * *
The spark wasp blinks!
You take 2 damage, and have 42/139 hp.
Really go through this one-way escape hatch?
The spark wasp stings you.
* * * LOW HITPOINT WARNING * * *
The spark wasp shocks you!
* * * LOW HITPOINT WARNING * * *
The spark wasp stings you!
* * * LOW HITPOINT WARNING * * *
The spark wasp shocks you!
You die...

Skill      XL: |  1  2  3  4  5  6  7  8  9 10 11 12 13 14 15 16 17 |
---------------+----------------------------------------------------+-----
Unarmed Combat | 4 5 6 7 8 9 11 12 13 14 15 17 18 19 | 19.4
Fighting       | 3 4 5 6 7 8 9 10 11 12 13 14 | 14.2
Dodging        | 4 5 7 8 10 11 12 13 14 15 | 15.6
Invocations    | 2 4 6 7 8 10 | 10.0
Armour         | 2 3 4 6 7 8 9 |  9.1
Stealth        | 1 5 7 8 |  8.6
Shields        | 4 |  4.0
Spellcasting   | |  2.0
Transmutations | |  2.6

Action                   |  1- 3 |  4- 6 |  7- 9 | 10-12 | 13-15 | 16-18 || total
-------------------------+-------+-------+-------+-------+-------+-------++-------
Melee: Unarmed           |   122 |   256 |   497 |   964 |  1926 |  1037 ||  4802
       Punch             |     2 |     4 |    17 |    53 |   122 |       ||   198
       Headbutt          |     2 |       |       |       |       |       ||     2
       Tailslap          |       |    11 |     1 |     1 |    51 |    18 ||    82
 Cast: Beastly Appendage |     3 |       |       |       |       |       ||     3
Invok: Heroism           |       |       |     6 |     9 |    15 |     8 ||    38
       Finesse           |       |       |       |     2 |     4 |       ||     6
  Use: Potion            |       |     7 |     5 |       |     4 |    13 ||    29
       Scroll            |       |     5 |     8 |     8 |    12 |     4 ||    37
 Stab: Sleeping          |     4 |     5 |       |       |       |     1 ||    10
       Invisible         |       |       |     6 |       |       |       ||     6
       Confused          |       |       |       |       |     2 |       ||     2
       Distracted        |       |       |       |       |     1 |     1 ||     2
  Eat: Chunk             |     3 |     7 |    14 |    29 |    36 |     9 ||    98
       Ration            |       |       |     1 |     2 |     6 |     7 ||    16
Armor: Robe              |    17 |     3 |       |       |     9 |       ||    29
       Ring mail         |       |    51 |    32 |       |       |       ||    83
       Skin              |       |     8 |       |       |       |       ||     8
       Troll leather arm |       |       |    72 |    10 |       |       ||    82
       Scale mail        |       |       |       |   334 |   638 |   401 ||  1373
       Plate armour      |       |       |       |       |       |   271 ||   271
Dodge: Dodged            |    71 |   132 |   361 |   629 |  1507 |  1223 ||  3923
Block: Buckler           |       |       |       |       |   200 |   545 ||   745

Levels and vault maps discovered:
D:1:      kennysheep_arrival_seaside, layout_loops_cross, tso_altar
D:2:      layout_loops_ring, uniq_sigmund
D:3:      layout_rooms, first_ration, lightli_sewer_entry_pipes, st_stairs_6,
          uniq_natasha, uniq_ijyb, uniq_jessica, uniq_robin, uniq_terence
D:4:      layout_loops_ring, marbit_many_paths, ebering_ghost_sewer_f,
          uniq_purgy
D:5:      layout_loops_corners, vehumet_statue, minmay_temple_entry_waves,
          serial_shops, kennysheep_mini
D:6:      layout_loops_corners, gammafunk_temple_overflow_pools, tgw_xom
D:7:      layout_gridville, nicolae_overflow_hidden_temple, enter_bailey_3,
          grunt_ogre_cave, minmay_increasing_density
D:8:      layout_cave_pods, nemelex_xobeh_ov_fountains_minmay, uniq_psyche
D:9:      layout_big_octagon, orc_0_dummy, serial_shops, shop_statue
D:10:     layout_roguey, david_lair_shrubbed, serial_bayou_crossing
Temple:   minmay_temple_forest_path
Lair:1:   layout_layer_cave, beast_lair_carwin_11, serial_bayou_shore_b
Lair:2:   layout_small_grid, spider_nest_entry_a, portal_ice_cave_rime,
          eino_small_chamber_without_monster, grunt_megastairs_2
Lair:3:   layout_regular_city, kennysheep_rathole
Lair:4:   layout_gridlike, minmay_swamp_entry_worms,
          chequers_serial_rivers_micro_d
Lair:5:   layout_gridlike, serial_bayou, serial_bayou_lagoon_a,
          serial_bayou_pond_c, serial_bayou_pond_e, serial_bayou_shore_b,
          zaba_anthole, minmay_lair_oklob_chamber
Lair:6:   wormcave, layout_cave_pods, hangedman_lair_caniforms_friends,
          slime_altar_2
Swamp:1:  layout_falls_marsh, evilmike_swamp_ruin_house_5
Swamp:2:  layout_basic_swamp, serial_swamp_ruin, evilmike_swamp_ruin_rubble_2,
          hangedman_swamp_ruin_hall
Swamp:3:  layout_falls_marsh, nicolae_swamp_fairy_circle
Swamp:4:  swamp, layout_basic_swamp
Spider:1: layout_spider_delve, uniq_frances, uniq_aizul
Spider:2: layout_spider_delve, nicolae_spider_webs_and_nodes, drop_trap
Spider:3: layout_spider_delve, uniq_agnes
Spider:4: spider_rune_water
Orc:1:    layout_caves, basic_altar
Orc:2:    st_orc_mages, layout_caves, uniq_rupert
Sewer:    sewer_sea
Bailey:   bailey_polearm_5, bailey
IceCv:    ice_cave_caverns_02

Notes
Turn   | Place    | Note
-------+----------+-------------------------------------------
     0 | D:1      | Monsterracer the Merfolk Transmuter began the quest for the
                  | Orb.
     0 | D:1      | Reached XP level 1. HP: 15/15 MP: 3/3
   312 | D:1      | Reached XP level 2. HP: 20/21 MP: 5/5
   401 | D:1      | HP: 9/21 [goblin (2)]
   410 | D:1      | HP: 8/22 [kobold (2)]
   416 | D:1      | Reached skill level 4 in Unarmed Combat
   417 | D:1      | HP: 5/22 [goblin (1)]
   524 | D:1      | HP: 9/22 [dart slug (3)]
   790 | D:1      | Reached XP level 3. HP: 19/27 MP: 6/6
   897 | D:1      | Found a glowing golden altar of the Shining One.
  1045 | D:1      | HP: 13/27 [poisoned by a goblin]
  1844 | D:2      | Noticed Sigmund
  1867 | D:2      | HP: 9/27 [Sigmund/+0 scythe (14)]
  1869 | D:2      | Killed Sigmund
  1869 | D:2      | Reached skill level 5 in Unarmed Combat
  1869 | D:2      | Reached XP level 4. HP: 12/35 MP: 5/7
  1869 | D:2      | Reached XP level 5. HP: 14/41 MP: 5/8
  1872 | D:2      | HP: 11/41 [poisoned by an adder]
  1877 | D:2      | HP: 5/41 [adder (2)]
  1877 | D:2      | HP: 2/41 [adder (3)]
  1881 | D:2      | Reached skill level 6 in Unarmed Combat
  2411 | D:2      | Reached XP level 6. HP: 29/47 MP: 9/9
  2776 | D:2      | HP: 24/48 [poisoned by a worker ant]
  2783 | D:2      | HP: 23/48 [poisoned by a worker ant]
  2790 | D:2      | HP: 22/48 [poisoned by a worker ant]
  2798 | D:2      | HP: 21/48 [poisoned by a worker ant]
  3027 | D:3      | Noticed Terence
  3116 | D:2      | HP: 24/48 [adder (2)]
  3122 | D:2      | HP: 14/48 [poisoned by an adder]
  3130 | D:2      | HP: 13/48 [poisoned by an adder]
  3138 | D:2      | HP: 13/48 [poisoned by an adder]
  3371 | D:3      | Noticed Robin
  3384 | D:3      | Killed Robin
  3454 | D:3      | Found a glowing drain.
  3519 | Sewer    | Entered a sewer
  3586 | Sewer    | HP: 21/48 [sickly merfolk siren/+0 spear (15)]
  3620 | Sewer    | HP: 34/72 [sickly merfolk siren/+0 spear (5)]
  3627 | Sewer    | HP: 10/48 [sickly merfolk siren/+0 spear (14)]
  3628 | Sewer    | HP: 2/48 [sickly merfolk siren/+0 spear (8)]
  3782 | Sewer    | Reached skill level 7 in Unarmed Combat
  4120 | Sewer    | Reached XP level 7. HP: 55/55 MP: 10/10
  4454 | D:3      | Noticed Jessica
  4456 | D:3      | Noticed Ijyb
  4469 | D:3      | Killed Jessica
  4474 | D:3      | Killed Ijyb
  4638 | D:3      | Killed Terence
  4857 | D:3      | Noticed Natasha
  4871 | D:3      | Killed Natasha
  4917 | D:3      | Noticed Natasha
  4927 | D:3      | Killed Natasha
  5208 | D:3      | Noticed Natasha
  5219 | D:3      | Killed Natasha
  5303 | D:4      | Found a runed translucent door.
  5321 | D:4      | Noticed Scud's ghost (amateur NaFi)
  5524 | D:4      | Reached skill level 5 in Fighting
  5524 | D:4      | Reached skill level 8 in Unarmed Combat
  5709 | D:4      | Noticed Purgy
  5722 | D:4      | Killed Purgy
  5779 | D:4      | Reached XP level 8. HP: 57/62 MP: 11/11
  5911 | D:4      | Found a glowing silver altar of Zin.
  5955 | D:4      | Found a runed translucent door.
  6265 | D:4      | Killed Scud's ghost
  6396 | D:5      | Entered Level 5 of the Dungeon
  6542 | D:5      | Found Romu Qej's Distillery.
  6545 | D:5      | Bought a potion of berserk rage for 55 gold pieces
  6545 | D:5      | Bought a potion of cancellation for 88 gold pieces
  6559 | D:5      | Found a staircase to the Ecumenical Temple.
  6595 | Temple   | Entered the Ecumenical Temple
  6949 | Temple   | Became a worshipper of Warmaster Okawaru
  7061 | D:5      | HP: 29/64 [ogre/+0 giant club (11)]
  7066 | D:5      | Reached skill level 5 in Dodging
  7066 | D:5      | Reached skill level 9 in Unarmed Combat
  7069 | D:5      | Reached skill level 1 in Invocations
  7200 | D:5      | Found a radiant altar of Vehumet.
  8140 | D:6      | Found a shimmering altar of Xom.
  8416 | D:6      | Reached XP level 9. HP: 60/70 MP: 12/12
  8448 | D:6      | Reached * piety under Okawaru
  8628 | D:6      | Found a shattered altar of Ashenzari.
  8629 | D:6      | Found a sacrificial altar of Ru.
  8806 | D:7      | Reached skill level 10 in Unarmed Combat
  8836 | D:7      | Found a flagged portal.
  8856 | Bailey   | Entered a bailey
  9005 | Bailey   | HP: 23/71 [orc warrior/+0 spear (15)]
  9136 | Bailey   | HP: 30/71 [orc warrior/+0 halberd (8)]
  9157 | Bailey   | HP: 17/71 [orc warrior/+0 halberd (20)]
  9264 | Bailey   | HP: 34/72 [orc warrior/+0 halberd (12)]
  9272 | Bailey   | Reached ** piety under Okawaru
  9368 | Bailey   | Noticed an orc knight
  9422 | Bailey   | HP: 19/72 [orc knight/+0 halberd (21)]
  9431 | Bailey   | HP: 25/72 [orc knight/+0 halberd (15)]
  9432 | Bailey   | Killed an orc knight
  9432 | Bailey   | Reached skill level 11 in Unarmed Combat
  9432 | Bailey   | Reached XP level 10. HP: 28/79 MP: 13/13
  9616 | Bailey   | HP: 32/79 [orc/+2 flail of protection[an orc warrior] (8)]
  9637 | Bailey   | Identified a scroll of acquirement
  9996 | D:7      | Reached skill level 5 in Invocations
 10300 | D:7      | Reached *** piety under Okawaru
 10432 | D:7      | Found an ornate altar of the Wu Jian Council.
 10474 | D:7      | Found an opulent altar of Gozag.
 10850 | D:7      | Found a blossoming altar of Fedhas.
 10851 | D:7      | Found a stormy altar of Qazlal.
 11003 | D:8      | Found a sparkling altar of Nemelex Xobeh.
 11040 | D:8      | HP: 38/80 [wyvern (6)]
 11044 | D:8      | Reached skill level 1 in Armour
 11274 | D:8      | Noticed Psyche
 11291 | D:8      | Killed Psyche
 12550 | D:9      | Noticed a centaur warrior
 12642 | D:8      | Killed a centaur warrior
 12642 | D:8      | Reached **** piety under Okawaru
 12642 | D:8      | Reached skill level 12 in Unarmed Combat
 12765 | D:9      | HP: 36/81 [orc warrior/+1 dire flail of crushing (12)]
 12980 | D:9      | You fall through a shaft!
 12980 | D:10     | Entered Level 10 of the Dungeon
 13712 | D:10     | Reached XP level 11. HP: 87/87 MP: 15/15
 13715 | D:10     | Found a staircase to the Lair.
 14443 | D:9      | Found a staircase to the Orcish Mines.
 14538 | D:9      | Found Jadaes's Antique Weapon Shop.
 14686 | Lair:1   | Entered Level 1 of the Lair of Beasts
 15105 | Lair:1   | Reached ***** piety under Okawaru
 15415 | Lair:1   | HP: 42/87 [wolf (8)]
 15419 | Lair:1   | Received a gift from Okawaru
 15558 | Lair:1   | HP: 41/87 [porcupine's spines (14)]
 16333 | Lair:2   | Reached skill level 13 in Unarmed Combat
 16380 | Lair:2   | HP: 41/89 [spiny frog (17)]
 16596 | Lair:2   | Received a gift from Okawaru
 16643 | Lair:2   | Found a frozen archway.
 16772 | IceCv    | Entered an ice cave
 16787 | IceCv    | Reached skill level 10 in Dodging
 17038 | IceCv    | HP: 32/89 [something (17)]
 17064 | IceCv    | HP: 29/89 [something (9)]
 17673 | Lair:2   | Reached XP level 12. HP: 86/96 MP: 17/17
 17993 | Lair:2   | Found a hole to the Spider Nest.
 19782 | Lair:4   | Noticed an eight-headed hydra
 19802 | Lair:4   | Noticed a six-headed hydra
 19808 | Lair:4   | Killed a six-headed hydra
 19808 | Lair:4   | Reached skill level 10 in Fighting
 19808 | Lair:4   | Reached skill level 14 in Unarmed Combat
 19846 | Lair:4   | HP: 39/97 [swamp worm (17)]
 20335 | Lair:4   | Killed an eight-headed hydra
 20484 | Lair:4   | Received a gift from Okawaru
 20485 | Lair:4   | Got a faintly glowing triple sword {god gift}
 20486 | Lair:4   | Identified the +7 triple sword "Sisch" {antimagic, rElec
                  | rPois} (Okawaru gifted it to you on level 4 of the Lair of
                  | Beasts)
 20686 | Lair:4   | HP: 38/98 [elephant (12)]
 20695 | Lair:4   | Reached XP level 13. HP: 41/104 MP: 19/19
 21092 | Lair:4   | Found a staircase to the Swamp.
 21195 | Lair:4   | Reached skill level 5 in Armour
 22192 | Lair:5   | HP: 51/104 [elephant (13)]
 22196 | Lair:5   | Reached skill level 15 in Unarmed Combat
 22204 | Lair:5   | HP: 44/104 [elephant (2)]
 22216 | Lair:5   | HP: 44/104 [elephant (3)]
 22858 | Lair:5   | Reached ****** piety under Okawaru
 22997 | Lair:5   | HP: 48/105 [acid (7)]
 23345 | Lair:6   | Entered Level 6 of the Lair of Beasts
 23359 | Lair:5   | HP: 50/105 [blink frog (10)]
 23372 | Lair:5   | HP: 43/105 [blink frog (7)]
 23377 | Lair:5   | HP: 41/105 [blink frog (1)]
 24070 | Lair:6   | Found a runed translucent door.
 24071 | Lair:6   | Noticed an ice dragon
 24161 | Lair:6   | Received a gift from Okawaru
 24235 | Lair:6   | HP: 46/106 [tyrant leech (14)]
 24240 | Lair:6   | HP: 20/106 [tyrant leech (12)]
 25225 | Lair:6   | Identified Luankia's Compendium of the Ghastly Arsonist
 25493 | Lair:6   | Reached skill level 10 in Invocations
 25533 | Lair:6   | Reached XP level 14. HP: 87/113 MP: 21/21
 25689 | Lair:6   | HP: 54/113 [black bear (5)]
 26005 | Lair:6   | Reached skill level 16 in Unarmed Combat
 26244 | Lair:6   | HP: 55/114 [raiju/living lightning (21)]
 26249 | Lair:6   | HP: 52/114 [warg (1)]
 27051 | Lair:6   | Received a gift from Okawaru
 27474 | Lair:6   | Found a runed translucent door.
 27474 | Lair:6   | Found a viscous altar of Jiyva.
 27474 | Lair:6   | Found a staircase to the Slime Pits.
 27474 | Lair:6   | Noticed an azure jelly
 28042 | Lair:6   | Killed an azure jelly
 28444 | Orc:1    | Entered Level 1 of the Orcish Mines
 28544 | Orc:1    | Received a gift from Okawaru
 28729 | Orc:1    | Paralysed by an orc sorcerer for 2 turns
 28745 | Orc:1    | Paralysed by an orc sorcerer for 2 turns
 28916 | Orc:1    | Found a roughly hewn altar of Beogh.
 29034 | Orc:2    | Entered Level 2 of the Orcish Mines
 29044 | Orc:2    | Noticed Rupert
 29138 | Orc:1    | HP: 50/115 [Rupert/+1 great mace of protection (18)]
 29138 | Orc:1    | HP: 11/115 [Rupert/+1 great mace of protection (39)]
 29143 | Orc:1    | Killed Rupert
 30484 | Orc:2    | Found Owaipnob's Weapon Boutique.
 30484 | Orc:2    | Found Zeharus's Weapon Boutique.
 30664 | Orc:1    | Reached skill level 17 in Unarmed Combat
 30873 | Orc:2    | Found a staircase to the Elven Halls.
 30982 | Orc:2    | Found Fygu's Magic Scroll Shop.
 30986 | Orc:2    | Found Gitib's Antique Weapon Shop.
 30989 | Orc:2    | Bought a scroll of blinking for 97 gold pieces
 30989 | Orc:2    | Bought a scroll of noise for 13 gold pieces
 31186 | Orc:2    | Bought a jewelled glaive for 322 gold pieces
 31186 | Orc:2    | Identified the cursed +0 glaive of Etusem {chop, *Slow rN+
                  | SInv} (You bought it in a shop on level 2 of the Orcish
                  | Mines)
 31338 | D:5      | Bought a potion of ambrosia for 88 gold pieces
 31338 | D:5      | Bought 2 potions of ambrosia for 176 gold pieces
 31338 | D:5      | Bought 2 potions of heal wounds for 110 gold pieces
 31558 | Swamp:1  | Entered Level 1 of the Swamp
 31608 | Swamp:1  | HP: 52/116 [shambling mangrove (10)]
 31614 | Swamp:1  | HP: 28/116 [shambling mangrove (15)]
 31631 | Swamp:1  | HP: 41/116 [spriggan rider/+0 spear (7)]
 31636 | Swamp:1  | Reached skill level 1 in Stealth
 31639 | Swamp:1  | HP: 34/116 [spiny frog (7)]
 31640 | Swamp:1  | Reached XP level 15. HP: 36/122 MP: 18/22
 31644 | Swamp:1  | HP: 20/122 [poisoned by a spiny frog]
 31649 | Swamp:1  | HP: 14/122 [poisoned by a spiny frog]
 31870 | Swamp:1  | HP: 61/122 [spriggan rider/+2 spear of flaming (2)]
 31878 | Swamp:1  | HP: 55/122 [hornet (7)]
 31878 | Swamp:1  | Paralysed by a hornet for 3 turns
 32046 | Swamp:1  | Reached skill level 1 in Shields
 32240 | Swamp:1  | Received a gift from Okawaru
 32360 | Swamp:1  | HP: 54/122 [bog body] (10)]
 32374 | Swamp:1  | HP: 44/122 [swamp worm (4)]
 33399 | Swamp:1  | HP: 54/122 [bog body/bolt of cold (34)]
 34354 | Swamp:2  | Noticed a thorn hunter
 34400 | Swamp:2  | Killed a thorn hunter
 34581 | Swamp:2  | HP: 53/122 [swamp dragon (12)]
 34587 | Swamp:2  | HP: 52/122 [poisoned by a swamp dragon (blast of poison)]
 34595 | Swamp:2  | HP: 53/122 [poisoned by a swamp dragon (blast of poison)]
 34603 | Swamp:2  | HP: 53/122 [poisoned by a swamp dragon (blast of poison)]
 35445 | Swamp:3  | Received a gift from Okawaru
 35481 | Swamp:3  | Got a fine falchion
 35636 | Swamp:3  | HP: 47/122 [alligator[an alligator] (16)]
 36723 | Swamp:4  | Entered Level 4 of the Swamp
 36961 | Swamp:4  | HP: 52/123 [spriggan rider/+0 spear (15)]
 37214 | Swamp:4  | Received a gift from Okawaru
 37454 | Swamp:4  | Got a bronze plate armour
 37455 | Swamp:4  | Identified the +4 plate armour of Shadows and Fog {Int+6
                  | Dex-2 Slay+2} (You found it on level 4 of the Swamp)
 37716 | Swamp:4  | Reached skill level 18 in Unarmed Combat
 37933 | Swamp:4  | Reached skill level 5 in Stealth
 37941 | Swamp:4  | Reached XP level 16. HP: 97/130 MP: 23/23
 37983 | Swamp:4  | HP: 55/130 [eight-headed hydra (13)]
 38001 | Swamp:4  | HP: 53/130 [swamp dragon/blast of poison (1)]
 38007 | Swamp:3  | HP: 48/130 [poisoned by a swamp dragon (blast of poison)]
 38014 | Swamp:3  | HP: 47/130 [poisoned by a swamp dragon (blast of poison)]
 38021 | Swamp:3  | HP: 47/130 [poisoned by a swamp dragon (blast of poison)]
 38029 | Swamp:3  | HP: 48/130 [poisoned by a swamp dragon (blast of poison)]
 38444 | Swamp:3  | HP: 65/131 [six-headed hydra[a spriggan druid] (11)]
 38980 | Swamp:4  | HP: 65/131 [spriggan druid/+0 quarterstaff (2)]
 39550 | Swamp:4  | Got a decaying rune of Zot
 39935 | Spider:1 | Entered Level 1 of the Spider Nest
 40171 | Spider:1 | Noticed Aizul
 40435 | Lair:2   | Killed Aizul
 40435 | Lair:2   | Reached skill level 15 in Dodging
 40615 | Lair:2   | HP: 64/131 [poisoned by a wolf spider]
 40620 | Lair:2   | HP: 36/131 [poisoned by a wolf spider]
 40625 | Lair:2   | HP: 28/131 [poisoned by a wolf spider]
 40630 | Lair:2   | HP: 20/131 [poisoned by a wolf spider]
 40631 | Lair:2   | HP: 6/131 [wolf spider (14)]
 40636 | Lair:2   | HP: 23/131 [wolf spider (4)]
 41117 | Spider:1 | Received a gift from Okawaru
 41148 | Lair:2   | HP: 61/131 [redback (7)]
 41153 | Lair:2   | HP: 47/131 [poisoned by a redback]
 41158 | Lair:2   | HP: 38/131 [poisoned by a redback]
 41163 | Lair:2   | HP: 30/131 [poisoned by a redback]
 41168 | Lair:2   | HP: 26/131 [poisoned by a redback]
 41173 | Lair:2   | HP: 22/131 [poisoned by a redback]
 41178 | Lair:2   | HP: 21/131 [poisoned by a redback]
 41185 | Lair:2   | HP: 20/131 [poisoned by a redback]
 41192 | Lair:2   | HP: 20/131 [poisoned by a redback]
 41200 | Lair:2   | HP: 21/131 [poisoned by a redback]
 41746 | Spider:1 | HP: 50/131 [disintegration (46)]
 41753 | Lair:2   | HP: 43/131 [wolf spider (6)]
 42103 | Lair:2   | HP: 62/131 [wolf spider (7)]
 42656 | Spider:1 | Noticed Frances
 42691 | Spider:2 | HP: 66/132 [demonic crawler (3)]
 42696 | Spider:2 | HP: 62/132 [poisoned by a redback]
 42701 | Spider:2 | HP: 60/132 [poisoned by a redback]
 42706 | Spider:2 | HP: 58/132 [poisoned by a redback]
 42713 | Spider:2 | HP: 58/132 [poisoned by a redback]
 42720 | Spider:2 | HP: 58/132 [poisoned by a redback]
 42728 | Spider:2 | HP: 58/132 [poisoned by a redback]
 42996 | Spider:2 | You fall through a shaft!
 42999 | Spider:3 | You fall through a shaft!
 42999 | Spider:4 | Entered Level 4 of the Spider Nest
 44023 | Spider:4 | HP: 66/132 [something (7)]
 44029 | Spider:3 | HP: 61/132 [something (1)]
 44034 | Spider:3 | HP: 27/132 [emperor scorpion (12)]
 44042 | Spider:3 | HP: 23/132 [emperor scorpion (18)]
 44049 | Spider:3 | HP: 38/132 [emperor scorpion (4)]
 44057 | Spider:3 | HP: 21/132 [emperor scorpion (21)]
 44068 | Spider:3 | Reached skill level 19 in Unarmed Combat
 44422 | Spider:3 | HP: 61/132 [tarantella (10)]
 44423 | Spider:3 | Reached XP level 17. HP: 64/138 MP: 24/24
 44427 | Spider:3 | HP: 61/138 [poisoned by a redback]
 44432 | Spider:3 | HP: 58/138 [poisoned by a redback]
 44437 | Spider:3 | HP: 57/138 [poisoned by a redback]
 44442 | Spider:3 | HP: 57/138 [poisoned by a redback]
 44449 | Spider:3 | HP: 57/138 [poisoned by a redback]
 44457 | Spider:3 | HP: 58/138 [poisoned by a redback]
 44751 | Spider:3 | Noticed Agnes
 44813 | Spider:3 | HP: 68/138 [Agnes/+1 lajatang of protection (15)]
 44817 | Spider:3 | Killed Agnes
 45047 | Spider:3 | Received a gift from Okawaru
 45208 | Spider:3 | Got a faintly glowing plate armour {god gift}
 45209 | Spider:3 | Identified the +7 plate armour of Analysis {rN+ Stlth+}
                  | (Okawaru gifted it to you on level 3 of the Spider Nest)
 45307 | Spider:2 | HP: 69/139 [poisoned by a wolf spider]
 45312 | Spider:2 | HP: 61/139 [poisoned by a wolf spider]
 45317 | Spider:2 | HP: 54/139 [poisoned by a wolf spider]
 45322 | Spider:2 | HP: 49/139 [poisoned by a wolf spider]
 45327 | Spider:2 | HP: 47/139 [poisoned by a wolf spider]
 45333 | Spider:2 | HP: 45/139 [poisoned by a wolf spider]
 45338 | Spider:2 | HP: 45/139 [poisoned by a wolf spider]
 45345 | Spider:2 | HP: 45/139 [poisoned by a wolf spider]
 45353 | Spider:2 | HP: 46/139 [poisoned by a wolf spider]
 46762 | Spider:2 | HP: 68/139 [redback (2)]
 46767 | Spider:2 | HP: 49/139 [poisoned by a redback]
 46772 | Spider:2 | HP: 47/139 [poisoned by a redback]
 46777 | Spider:2 | HP: 45/139 [poisoned by a redback]
 46783 | Spider:2 | HP: 42/139 [poisoned by a redback]
 46789 | Spider:2 | HP: 41/139 [poisoned by a redback]
 46795 | Spider:2 | HP: 41/139 [poisoned by a redback]
 46803 | Spider:2 | HP: 42/139 [poisoned by a redback]
 47737 | Spider:4 | HP: 67/139 [poisoned by a redback]
 47742 | Spider:4 | HP: 61/139 [poisoned by a redback]
 47747 | Spider:4 | HP: 56/139 [poisoned by a redback]
 47752 | Spider:4 | HP: 53/139 [poisoned by a redback]
 47757 | Spider:4 | HP: 52/139 [poisoned by a redback]
 47763 | Spider:4 | HP: 51/139 [poisoned by a redback]
 47771 | Spider:4 | HP: 52/139 [poisoned by a redback]
 47779 | Spider:4 | HP: 52/139 [poisoned by a redback]
 48288 | Spider:4 | HP: 57/139 [spark wasp (18)]
 48290 | Spider:4 | HP: 12/139 [spark wasp (17)]
 48290 | Spider:4 | Slain by a spark wasp

Vanquished Creatures
  Rupert (Orc:1)
  A thorn hunter (Swamp:2)
  Agnes (Spider:3)
  An azure jelly (Lair:6)
  Aizul (Lair:2)
  2 ghost moths (Spider:4 Spider:3)
  3 emperor scorpions (Spider:3 Spider:2)
  An entropy weaver (Spider:3)
  An ice dragon (Lair:6)
  3 shambling mangroves (Swamp:1 Swamp:2 Swamp:3)
  A ghost crab (Swamp:4)
  19 hydras (Lair:4 Lair:5 Lair:6 Swamp:1 Swamp:2)
  A centaur warrior (D:8)
  2 two-headed ogres (Orc:1 Orc:2)
  10 alligators (Swamp:1 Swamp:2 Swamp:3 Swamp:4)
  An orc high priest (Orc:1)
  6 spriggans (Swamp:1 Swamp:3 Swamp:4)
  A spriggan druid (Swamp:3)
  11 swamp dragons (Swamp:1 Swamp:2 Swamp:4)
  A lindwurm (Lair:6)
  An orc knight (Bailey)
  26 wolf spiders (Lair:2 Spider:1 Spider:2 Spider:4 Spider:3)
  6 orb spiders (Spider:1 Spider:4 Spider:3)
  2 oklob plants (Lair:5)
  7 orc sorcerers (D:9 Orc:1 Orc:2)
  22 elephants (Lair:4 Lair:5 Lair:6)
  3 moths of wrath (Lair:2 Spider:1 Spider:2)
  Psyche (D:8)
  7 torpor snails (Lair:6 Spider:3)
  5 black mambas (Lair:2 Lair:6)
  20 spiny frogs (Lair:2 Lair:3 Lair:4 Lair:5 Swamp:1)
  4 komodo dragons (D:10 Lair:1 Lair:4 Lair:5)
  5 rime drakes (Lair:1 Lair:2 Lair:3 Lair:4)
  13 demonic crawlers (Lair:2 Spider:2 Spider:4 Spider:3)
  10 polar bears (IceCv Lair:6)
  25 jumping spiders (Lair:2 Spider:1 Spider:2 Spider:4 Spider:3)
  3 raiju (Lair:6)
  17 hornets (Lair:6 Swamp:1 Swamp:2 Swamp:3 Swamp:4)
  6 slime creatures (Swamp:2 Swamp:4)
  16 tyrant leeches (Lair:6 Swamp:1 Swamp:2 Swamp:3 Swamp:4)
  9 bog bodies (Swamp:1 Swamp:2 Swamp:4)
  7 hippogriffs (D:8 Lair:1 Lair:2 Lair:3 Lair:4)
  12 blink frogs (Lair:3 Lair:4 Lair:6 Lair:5)
  Sigmund (D:2)
  45 redbacks (Lair:2 Spider:1 Spider:2 Spider:4 Spider:3)
  3 shadows (Swamp:1 Swamp:2)
  23 tarantellas (Lair:2 Spider:1 Spider:2 Spider:4 Spider:3)
  2 wyverns (D:8 Lair:3)
  The ghost of Scud the Slasher, an amateur NaFi (D:4)
  3 basilisks (Lair:1 Lair:3)
  22 yaks (D:9 D:10 Lair:1 IceCv Lair:2)
  A steam dragon (D:8)
  17 vampire mosquitoes (Swamp:1 Swamp:2 Swamp:4 Swamp:3)
  3 insubstantial wisps (Swamp:1)
  20 swamp worms (Lair:4 Swamp:1 Swamp:2 Swamp:3 Swamp:4)
  8 wargs (Lair:6 Orc:1 Orc:2)
  11 hell hounds (Lair:6)
  5 water moccasins (Lair:1 Lair:2 Lair:3 Lair:4)
  12 swamp drakes (Swamp:1 Swamp:3 Swamp:4)
  2 porcupines (Lair:1 Lair:4)
  27 orc warriors (D:6 Bailey D:7 D:9 D:10)
  5 ice beasts (D:6 D:7 D:9)
  12 black bears (D:7 Lair:6)
  Purgy (D:4)
  8 ogres (D:4 D:5 D:7 D:8 D:9)
  32 wolves (Lair:1 IceCv Lair:4 Lair:5 Lair:6)
  3 centaurs (D:6 D:7)
  8 crocodiles (Lair:1 Lair:2 Lair:4 Lair:5 Lair:6)
  11 bullfrogs (D:7 D:10 Lair:1 Lair:3 Lair:4)
  A scorpion (D:10)
  4 wights (D:7)
  3 howler monkeys (D:4 D:10)
  2 electric eels (Spider:2)
  5 crimson imps (D:5 D:6 D:7 D:8)
  A quasit (D:5)
  2 hounds (D:6 D:9)
  A jelly (D:8)
  14 orc priests (D:8 D:9 Orc:1 Orc:2)
  A centaur skeleton (D:5)
  27 orc wizards (D:7 D:8 Orc:1 Orc:2)
  Jessica (D:3)
  Ijyb (D:3)
  Terence (D:3)
  3 iguanas (D:7 D:8 D:9)
  Natasha (thrice) (D:3)
  A merfolk avatar (Sewer)
  9 worker ants (D:2 D:6 D:7 D:8 D:10)
  6 hell rats (Lair:3)
  2 merfolk sirens (Sewer)
  A statue (D:5)
  A hound zombie (D:7)
  3 hound skeletons (D:5 D:9)
  Robin (D:3)
  13 river rats (D:3 Sewer D:4 Lair:3)
  16 adders (D:2 D:3 Sewer D:5 D:7)
  A shadow imp (D:5)
  2 adder zombies (D:4 D:5)
  7 worms (D:2 D:3 D:4 D:5)
  4 dart slugs (D:1 D:4 D:5)
  8 leopard geckos (Sewer D:4 D:6)
  73 orcs (D:3 D:4 D:5 D:6 D:7)
  6 giant cockroaches (D:1 D:2 Sewer D:8)
  22 goblins (D:1 D:2 D:3 D:7)
  14 hobgoblins (D:1 D:2)
  6 jackals (D:1 D:8)
  7 quokkas (D:2 D:3 D:6 D:7 D:8)
  4 ball pythons (Sewer)
  2 ball python skeletons (D:3 D:5)
  5 bats (D:1 D:2)
  8 frilled lizards (D:1 D:2 Sewer)
  2 jackal skeletons (D:4 D:7)
  6 kobolds (D:1 D:2 D:3)
  3 leopard gecko skeletons (D:5 D:6)
  A quokka skeleton (D:4)
  29 rats (D:1 D:2 D:3 Sewer Lair:3)
  2 plants (Lair:5 Lair:6)
916 creatures vanquished.

Vanquished Creatures (others)
  A spriggan druid (Swamp:4)
  A redback (Spider:1)
  2 yaks (IceCv)
  A hell hound (Lair:6)
  A wolf (IceCv)
  An adder skeleton (D:7)
  2 orcs (Orc:2)
  3 briar patches (Swamp:2)
  10 fungi (Lair:2 Lair:5 Lair:6)
  26 plants (D:10 Lair:4 Lair:5 Lair:6)
48 creatures vanquished.

Grand Total: 964 creatures vanquished

Table legend:
 A = Turns spent in this place as a percentage of turns spent in the entire game.
 B = Non-inter-level travel turns spent in this place as a percentage of non-inter-level travel turns spent in the entire game.
 C = Inter-level travel turns spent in this place as a percentage of turns spent in this place.
 D = Turns resting spent in this place as a percentage of non-inter-level travel turns spent in this place.
 E = Turns spent auto-exploring this place as a percentage of non-inter-level travel turns spent in this place.
 F = Non-inter-level travel turns spent in this place divided by the number of levels of this place that you've seen.
                   A       B       C       D       E      F
               +-------+-------+-------+-------+-------+----------------------
         Total | 100.0 | 100.0 |   3.7 |  20.8 |  58.9 | 1549.8
       Dungeon |  28.2 |  27.6 |   5.7 |  11.5 |  72.9 | 1283.5
        Temple |   0.8 |   0.7 |  13.5 |   0.0 |  99.1 | 326.0
          Lair |  30.8 |  30.7 |   3.9 |  22.7 |  58.2 | 2379.0
         Swamp |  17.2 |  17.6 |   1.6 |  23.7 |  55.9 | 2041.2
   Spider Nest |  12.8 |  12.9 |   2.4 |  22.3 |  52.8 | 1502.8
  Orcish Mines |   5.6 |   5.6 |   3.7 |  42.5 |  33.7 | 1301.0
         Sewer |   1.7 |   1.8 |   0.0 |   0.6 |  61.4 | 817.0
        Bailey |   1.9 |   2.0 |   0.0 |  26.6 |  26.3 | 920.0
      Ice Cave |   1.1 |   1.2 |   0.0 |  64.3 |   6.3 | 543.0
               +-------+-------+-------+-------+-------+----------------------

Table legend:
 A = Non-vault XP
 B = Vault XP
 C = Vault XP percentage of total XP
 D = Non-vault monster count
 E = Vault monster count
 F = Vault count percentage of total count
                 A         B        C        D         E       F
            +---------+---------+-------+---------+---------+-------
      Total |  148210 |   57698 |  28.0 |     597 |     321 |  35.0
            +---------+---------+-------+---------+---------+-------
        D:1 |      51 |       0 |   0.0 |      28 |       0 |   0.0
        D:2 |      89 |     238 |  72.8 |      24 |       3 |  11.1
        D:3 |      95 |     264 |  73.5 |       9 |      24 |  72.7
        D:4 |     205 |     369 |  64.3 |      12 |       7 |  36.8
        D:5 |     363 |      32 |   8.1 |      18 |       1 |   5.3
        D:6 |     880 |       0 |   0.0 |      15 |       0 |   0.0
        D:7 |     947 |     523 |  35.6 |      19 |      12 |  38.7
        D:8 |    2027 |     424 |  17.3 |      21 |       1 |   4.5
        D:9 |    1812 |       0 |   0.0 |      20 |       0 |   0.0
       D:10 |    1089 |     372 |  25.5 |      12 |       1 |   7.7
     Lair:1 |    2099 |     804 |  27.7 |      11 |       7 |  38.9
     Lair:2 |   11619 |    4152 |  26.3 |      35 |       9 |  20.5
     Lair:3 |    3053 |     158 |   4.9 |      16 |      10 |  38.5
     Lair:4 |    8447 |     162 |   1.9 |      25 |       1 |   3.8
     Lair:5 |    7439 |    1187 |  13.8 |      27 |       5 |  15.6
     Lair:6 |   10083 |   18755 |  65.0 |      28 |      76 |  73.1
    Swamp:1 |   13484 |       0 |   0.0 |      40 |       0 |   0.0
    Swamp:2 |   11026 |       0 |   0.0 |      26 |       0 |   0.0
    Swamp:3 |   12514 |     946 |   7.0 |      31 |       1 |   3.1
    Swamp:4 |   10085 |   15093 |  59.9 |      26 |      23 |  46.9
   Spider:1 |    5710 |       0 |   0.0 |      16 |       0 |   0.0
   Spider:2 |   11217 |       0 |   0.0 |      29 |       0 |   0.0
   Spider:3 |   16610 |    2493 |  13.1 |      40 |       3 |   7.0
   Spider:4 |   12502 |     523 |   4.0 |      34 |       2 |   5.6
      Orc:1 |    2862 |    5684 |  66.5 |      19 |      20 |  51.3
      Orc:2 |    1902 |    2204 |  53.7 |      16 |      26 |  61.9
      Sewer |       0 |     182 | 100.0 |       0 |      41 | 100.0
     Bailey |       0 |    1927 | 100.0 |       0 |      40 | 100.0
      IceCv |       0 |    1206 | 100.0 |       0 |       8 | 100.0
            +---------+---------+-------+---------+---------+-------
